 Dungeon Crawl Stone Soup version 0.26-a0-810-ge1a9524b62 (webtiles) character file.

Game seed: 1875790097781048342

105 marklar909 the Digger (level 4, -7/35 HPs)
             Began as a Draconian Earth Elementalist on Nov 13, 2020.
             Killed by nerve-wracking pain
             ... invoked by an orc priest
              (14 damage)
             ... on level 3 of the Dungeon.
             The game lasted 00:04:21 (3588 turns).

marklar909 the Digger (DrEE)                        Turns: 3588, Time: 00:04:21

Health: -7/35      AC:  5    Str: 10    XL:     4   Next: 54%
Magic:  2/8        EV: 12    Int: 16    God:
Gold:   87         SH:  0    Dex: 12    Spells: 5/9 levels left

rFire    . . .     SeeInvis .   n - +2 short sword (venom)
rCold    . . .     Faith    .   (no shield)
rNeg     . . .     Spirit   .   (armour unavailable)
rPois    .         Reflect  .   (helmet restricted)
rElec    .         Harm     .   (no cloak)
rCorr    .         Rampage  .   (no gloves)
MR       .....                  (no boots)
Stlth    ++........             (no amulet)
HPRegen  0.11/turn              (no ring)
MPRegen  0.11/turn              (no ring)

@: no status effects
A: unfitting armour, cold-blooded, AC +5
a: no special abilities


You were on level 3 of the Dungeon.
You visited 1 branch of the dungeon, and saw 3 of its levels.

You collected 87 gold pieces.

Inventory:

Hand Weapons
 n - a +2 short sword of venom (weapon)
Missiles
 k - 22 stones (quivered)
Jewellery
 i - an uncursed ring of protection from cold {unknown}
 j - an uncursed ring of poison resistance {unknown}
Scrolls
 a - a scroll of amnesia
 c - a scroll of identify {unknown}
 d - a scroll of remove curse {unknown}
 f - 2 scrolls of enchant weapon {unknown}
Potions
 b - a potion of heal wounds {unknown}
 e - 2 potions of invisibility {unknown}
 g - 2 potions of berserk rage
 h - 2 potions of curing {unknown}
 l - a potion of mutation {unknown}


   Skills:
 + Level 1.1 Fighting
 + Level 2.0 Dodging
 + Level 2.1 Stealth
 + Level 0.2 Unarmed Combat
 + Level 3.0 Spellcasting
 + Level 0.5 Conjurations
   Level 1.0 Transmutations
 + Level 4.0 Earth Magic


You had 5 spell levels left.
You knew the following spells:

 Your Spells              Type           Power        Failure   Level
a - Sandblast             Erth           ###...       3%          1
b - Stone Arrow           Conj/Erth      #.....       22%         3

Your spell library contained the following spells:

 Spells                   Type           Power        Failure   Level
 Passwall                 Tmut/Erth      ##......     10%         2
 Petrify                  Tmut/Erth      ##......     54%         4
 Lee's Rapid Deconstruct  Erth           ###.......   69%         5


Dungeon Overview and Level Annotations

Branches:
Dungeon (3/15)

Altars:
Elyvilon


Innate Abilities, Weirdness & Mutations

Your plain brown scales are hard. (AC +5)
You cannot fit into any form of body armour.
You are cold-blooded and may be slowed by cold attacks.


Message History

The blast of sand hits the orc priest but does no damage.
The orc priest is lightly wounded.
k - 23 stones The orc priest hits you with a +0 whip.
* * * LOW HITPOINT WARNING * * *
Unknown command.
Unknown command.
Casting: Sandblast (safe; 3% risk of failure)
Confirm with . or Enter, or press ? or * to list all spells.
Aiming: Sandblast (safe; 3% risk of failure)
Press: ? - help, Shift-Dir - straight line, f/p - orc priest
Aim: an orc priest, wielding a +0 whip and wearing a +2 ring mail of cold resistance (lightly wounded)
The blast of sand hits the orc priest but does no damage.
The orc priest is lightly wounded.
k - 22 stones Unknown command.
Unknown command.
The orc priest calls down the wrath of Beogh upon you.
Pain shoots through your body!
You die...

############ #..........#
########.########.#
#........# #.# #........#
#.#### ...).....# #.#..
.........# #.#.#####..
.........#.#.####o#.#......
................@.K........
..###...####.######o#...#.
..# ≈.).≈≈##.######.# ##
..# ..♣..≈#.......†.#
#.............(....K#
...♣._.♣.......o........
#... .....!..(.##### ###≈.
#.........# ..# #.........#


You could see an orc priest, an orc and a kobold.

Vanquished Creatures
  4 adders (D:2)
  An ooze (D:2)
  A worm (D:2)
  A dart slug (D:2)
  3 orcs (D:3)
  3 giant cockroaches
  2 goblins
  10 hobgoblins
  7 jackals (D:2)
  6 kobolds
  2 quokkas (D:2)
  A ball python (D:2)
  8 bats
  A frilled lizard (D:1)
  6 rats
56 creatures vanquished.

Vanquished Creatures (others)
  An orc (D:3)
  A quokka (D:3)
2 creatures vanquished.

Grand Total: 58 creatures vanquished

Notes
Turn   | Place    | Note
-------+----------+-------------------------------------------
     0 | D:1      | marklar909 the Draconian Earth Elementalist began the quest
                  | for the Orb.
     0 | D:1      | Reached XP level 1. HP: 14/14 MP: 3/3
   219 | D:1      | Reached XP level 2. HP: 20/20 MP: 1/5
  1277 | D:2      | Reached XP level 3. HP: 26/26 MP: 4/6
  1806 | D:2      | Reached skill level 4 in Earth Magic
  1811 | D:2      | Learned a level 3 spell: Stone Arrow
  2030 | D:2      | Reached XP level 4. HP: 7/33 MP: 1/8
  2678 | D:2      | Reached skill level 1 in Fighting
  3540 | D:3      | Found a white marble altar of Elyvilon.
  3588 | D:3      | Killed from afar by an orc priest

Illustrated notes

Levels and vault maps discovered:
D:1:      dpeg_arrival_simpleton_a, layout_basic, chequers_avenue
D:2:      layout_basic
D:3:      layout_basic, elyvilon_altar_4

Skill      XL: |  1  2  3  4 |
---------------+-------------+-----
Stealth        | 2 |  2.1
Earth Magic    | 4 |  4.0
Dodging        | 2 |  2.0
Fighting       | 1 |  1.1
Spellcasting   | 3 |  3.0
Unarmed Combat | |  0.2
Conjurations   | |  0.5
Transmutations | |  1.0

Action                   |  1- 3 |  4- 6 || total
-------------------------+-------+-------++-------
Melee: Unarmed           |    23 |    94 ||   117
       Tailslap          |     2 |    11 ||    13
 Cast: Sandblast         |    49 |    11 ||    60
       Stone Arrow       |     1 |    12 ||    13
  Use: Scroll            |     1 |       ||     1
       Potion            |     1 |       ||     1
Armor: Skin              |    15 |    43 ||    58
Dodge: Dodged            |    38 |    76 ||   114

Table legend: (Time is in decaauts)
 A = Elapsed time spent in this place.
 B = Non-inter-level travel time spent in this place.
 C = Inter-level travel time spent in this place.
 D = Time resting spent in this place.
 E = Time spent auto-exploring this place.
 F = Levels seen in this place.
 G = Mean time per level.
                   A        B        C        D        E       F      G
               +--------+--------+--------+--------+--------+-----+--------+
         Total |   3596 |   3398 |    198 |    406 |   2558 |   3 | 1198.7 |
       Dungeon |   3596 |   3398 |    198 |    406 |   2558 |   3 | 1198.7 |
               +--------+--------+--------+--------+--------+-----+--------+

Top non-repeatable levels by time:
     D:2: 1940 daAuts
     D:1: 1423 daAuts
     D:3: 233 daAuts
